 Dungeon Crawl Stone Soup version 0.25-a0-992-gca090100c3 (webtiles) character file.

Game seed: 8148173429035361156, levelgen mode: classic

287 Amnesiac the Chiller (level 6, -4/32 HPs)
             Began as a Deep Elf Ice Elementalist on May 10, 2020.
             Killed from afar by an orc wizard (9 damage)
             ... with a puff of frost
             ... on level 7 of the Dungeon.
             The game lasted 00:04:01 (972 turns).

Amnesiac the Chiller (Deep Elf Ice Elementalist)     Turns: 972, Time: 00:04:01

Health: -4/32      AC:  8    Str:  5    XL:     6   Next: 8%
Magic:  10/16      EV: 13    Int: 22    God:
Gold:   44         SH:  0    Dex: 15    Spells: 8/15 levels left

rFire    . . .     SeeInvis .   a - +0 hunting sling
rCold    . . .     Gourm    .   (no shield)
rNeg     . . .     Faith    .   f - +0 robe
rPois    .         Spirit   .   (no helmet)
rElec    .         Reflect  .   (no cloak)
rCorr    .         Harm     .   (no gloves)
MR       .....                  (no boots)
Stlth    ++........             (no amulet)
HPRegen  0.10/turn              (no ring)
MPRegen  0.15/turn              (no ring)

@: icy armour, frozen ramparts
A: no striking features
a: no special abilities


You were on level 7 of the Dungeon.
You were not hungry.

You visited 1 branch of the dungeon, and saw 5 of its levels.

You collected 44 gold pieces.

Inventory:

Hand Weapons
 a - a +0 hunting sling (weapon)
Missiles
 g - 20 sling bullets (quivered)
 h - 55 stones
 j - 8 poisoned darts
Armour
 d - a +0 kite shield
 f - a +0 robe (worn)
Scrolls
 e - a scroll of teleportation {!r, unknown}
 i - 3 scrolls of identify {!r, unknown}
Potions
 k - a potion of lignification {!q, unknown}
 l - a potion of curing {!q, unknown}
Comestibles
 b - 4 chunks of flesh
 c - 3 rations


   Skills:
 - Level 2.4 Dodging
 - Level 3.0 Stealth
 + Level 5.4 Spellcasting
 * Level 7.0 Ice Magic


You had 8 spell levels left.
You knew the following spells:

 Your Spells              Type           Power        Failure   Level  Hunger
a - Freeze                Ice            ####         1%          1    None
b - Frozen Ramparts       Ice            #####.       1%          3    ##.....
z - Ozocubu's Armour      Chrm/Ice       ###.....     7%          3    ##.....

Your spell library contained the following spells:

 Spells                   Type           Power        Failure   Level  Hunger
 Hailstorm                Conj/Ice       ###.....     22%         4    ####...
 Summon Ice Beast         Ice/Summ       ###.....     22%         4    ####...


Dungeon Overview and Level Annotations

Branches:
Dungeon (4/15)
 Temple: D:4-7

Altars:
Ashenzari


Message History

* * * LOW HITPOINT WARNING * * *
Your memorisation is interrupted.
Found 14 gold pieces.
Found a scroll labeled XOBLEDDI KOVVA.
Some of the chunks of flesh in your inventory have rotted away.
Casting: Frozen Ramparts (safe; 1% risk of failure)
Confirm with . or Enter, or press ? or * to list all spells.
Okay, then.
Okay, then.
Casting: Frozen Ramparts (safe; 1% risk of failure)
Confirm with . or Enter, or press ? or * to list all spells.
Okay, then.
Okay, then.
Found 12 bolts.
You see here a scroll labeled XOBLEDDI KOVVA {!r}.
Really read a scroll labeled XOBLEDDI KOVVA {!r}?
As you read the scroll labeled XOBLEDDI KOVVA {!r}, it crumbles to dust.
The creatures around you are filled with an inner flame!
It was a scroll of immolation {!r}.
The ice beast misses you. The ice beast hits you.
* * * LOW HITPOINT WARNING * * *
The ice beast freezes you.
* * * LOW HITPOINT WARNING * * *
Found 11 gold pieces.
Found a scroll labeled AWUETWUX HISK.
Found a human skeleton.
A hound comes into view.
Found a dwarf skeleton.
You see here a human skeleton.
The ice beast's inner flame fades away.
Found a robe.
Some of the chunks of flesh in your inventory have rotted away.
Casting: Frozen Ramparts (safe; 1% risk of failure)
Confirm with . or Enter, or press ? or * to list all spells.
Okay, then.
An orc wizard comes into view. It is wielding a -3 dagger.
The orc wizard shouts!
An orc and an orc priest come into view.
The orc is wielding a +1 dagger of venom.
The orc priest shouts!
You hear a shout!
An orc warrior comes into view. It is wielding a +0 dire flail.
You hear a shout!
The orc shouts!
The orc priest mumbles some strange prayers to Beogh against you.
Beogh smites you!
* * * LOW HITPOINT WARNING * * *
Found an escape hatch in the ceiling.
The orc priest looks satisfied for a moment.
The orc wizard mumbles some strange words.
The orc wizard seems to speed up.
Casting: Frozen Ramparts (safe; 1% risk of failure)
Confirm with . or Enter, or press ? or * to list all spells.
Okay, then.
Casting: Frozen Ramparts (safe; 1% risk of failure)
Confirm with . or Enter, or press ? or * to list all spells.
The walls around you are covered in ice.
The wall freezes the orc wizard.
Casting: Frozen Ramparts (safe; 1% risk of failure)
Confirm with . or Enter, or press ? or * to list all spells.
The spell is quite dangerous to cast (7% risk of failure)!
Continue anyway?
A film of ice covers your body!
The wall freezes the orc wizard.
The orc wizard points at you and mumbles some strange words.
The puff of frost hits you!
You die...

........# #....# .......
........####....###......#
...................o.o...#
........#####...##........
#######.# ######..o..#..
...###.## ##...#.#
###....# #Y..## # ####.#
##o..# ### #@.#.# ######


You could see an orc warrior, an ice beast, an orc priest, an orc wizard (fast)
and an orc.

Vanquished Creatures
  An ogre (D:4)
  A howler monkey (D:4)
  A centaur zombie (D:4)
  A jelly (D:3)
  A hound (D:3)
  A worker ant (D:4)
  3 adders (D:3)
  A worm (D:4)
  3 dart slugs
  3 leopard geckos
  2 hobgoblins
  2 quokkas
  A bat (D:3)
  A frilled lizard (D:4)
  2 goblins
  A quokka skeleton (D:4)
  2 rats (D:3)
27 creatures vanquished.

Notes
Turn   | Place    | Note
-------+----------+-------------------------------------------
     0 | D:1      | Amnesiac the Deep Elf Ice Elementalist began the quest for
                  | the Orb.
     0 | D:1      | Reached XP level 1. HP: 10/10 MP: 6/6
    84 | D:3      | Reached XP level 2. HP: 15/15 MP: 5/8
   315 | D:2      | Reached skill level 5 in Ice Magic
   317 | D:2      | Reached XP level 3. HP: 13/19 MP: 1/10
   322 | D:2      | Learned a level 3 spell: Frozen Ramparts
   326 | D:2      | Learned a level 3 spell: Ozocubu's Armour
   417 | D:3      | Reached XP level 4. HP: 19/24 MP: 4/12
   533 | D:3      | Found a shattered altar of Ashenzari.
   559 | D:4      | Identified a paperback manual
   559 | D:4      | Noticed an ogre
   576 | D:4      | Killed an ogre
   576 | D:4      | Reached skill level 6 in Ice Magic
   576 | D:4      | Reached XP level 5. HP: 24/28 MP: 8/14
   666 | D:4      | Reached skill level 5 in Spellcasting
   807 | D:4      | Reached skill level 7 in Ice Magic
   807 | D:4      | Reached XP level 6. HP: 19/32 MP: 13/16
   822 | D:4      | You fall into a shaft and drop 3 floors!
   866 | D:7      | Noticed an ice beast
   964 | D:7      | Noticed an orc warrior
   972 | D:7      | Killed from afar by an orc wizard

Illustrated notes

Levels and vault maps discovered:
D:1:      nicolae_arrival_washed_ashore, layout_loops_corners
D:2:      layout_rooms, first_ration, fedhas_altar_fruit_tree
D:3:      kennysheep_goblin_castle, layout_basic, gammafunk_ghost_grave,
          ashenzari_altar_1
D:4:      layout_cave_pods, temple_pool_b, chequers_ossuary_entry_cave,
          minmay_manual_mandibuliform, uniq_robin, uniq_menkaure
D:7:      layout_layer_cave, grunt_ogre_cave, uniq_crazy_yiuf_cottage

Skill      XL: |  1  2  3  4  5 |
---------------+----------------+-----
Stealth        | 3 |  3.0
Ice Magic      | 5 6 7 |  7.0
Spellcasting   | 4 5 |  5.4
Dodging        | |  2.4

Action                   |  1- 3 |  4- 6 || total
-------------------------+-------+-------++-------
 Fire: Hunting sling     |       |    36 ||    36
 Cast: Freeze            |    28 |    10 ||    38
       Frozen Ramparts   |       |     6 ||     6
       Ozocubu's Armour  |       |     1 ||     1
  Use: Scroll            |       |     1 ||     1
Armor: Robe              |     3 |       ||     3
Dodge: Dodged            |    11 |    10 ||    21

Table legend:
 A = Non-vault XP
 B = Vault XP
 C = Vault XP percentage of total XP
 D = Non-vault monster count
 E = Vault monster count
 F = Vault count percentage of total count
                 A         B        C        D         E       F
            +---------+---------+-------+---------+---------+-------
      Total |     366 |      44 |  10.7 |      26 |       1 |   3.7
            +---------+---------+-------+---------+---------+-------
        D:1 |       2 |       0 |   0.0 |       1 |       0 |   0.0
        D:2 |      10 |       0 |   0.0 |       3 |       0 |   0.0
        D:3 |     140 |       0 |   0.0 |      13 |       0 |   0.0
        D:4 |     214 |      44 |  17.1 |       9 |       1 |  10.0
            +---------+---------+-------+---------+---------+-------
